Unix NetHack Version 3.7.0-64 Work-in-progress - last build Sep 20 2022 23:52:18 (2efdc47de06bbc12dbc956ebf73d51181633095d,branch:master). Game began 2022-09-23 06:33:49, ended 2022-09-23 15:33:06. adinthrae, lawful female human Valkyrie ----- |...-####### |...| |....## --------########## |...| |......|# -.--- -#-.- #[#.......-## |...-############## # [ |...<..| |...|#########----.----------- # a -------- |...| |.............<| # @ +...| ...............| ## # |...| |..............| --.--- # |...| |..............| |..>.-#############*#### ----- ---------------- |....| ##### |.....### ------ Adinthrae the Fighter St:14 Dx:13 Co:18 In:9 Wi:9 Ch:9 Lawful S:4514 Dlvl:9 $:19 HP:0(65) Pw:9(9) AC:-1 Xp:7/936 T:5872 Weak Latest messages: The soldier ant misses! The soldier ant stings! What do you want to eat? [g or ?*] Blecch! Rotten food! You only feel hungry now. Your movements are now unencumbered. You hit the soldier ant. The soldier ant bites! The soldier ant misses! The soldier ant bites! The soldier ant stings! You hit the soldier ant. The soldier ant misses! The soldier ant misses! You hit the soldier ant! You kill the soldier ant! You hit the soldier ant. The soldier ant misses! The soldier ant stings! You hit the soldier ant. You hit the soldier ant. The soldier ant misses! The soldier ant stings! You kill the soldier ant! There are many objects here. You hear a distant zap. You swap places with your housecat. The housecat steps reluctantly over 2 white gems. The housecat misses it. The housecat bites it. You hear some noises. You hear a jackal howling at the moon. Valkyrie needs food, badly! You stop waiting. You don't have anything to eat. You swap places with your housecat. You attack thin air. The soldier ant misses! The soldier ant stings! The soldier ant's sting was poisoned! The soldier ant bites! The soldier ant stings! You hit the soldier ant! The soldier ant bites! The soldier ant misses! The soldier ant misses! The soldier ant stings! The soldier ant's sting was poisoned! You die... Do you want your possessions identified? [ynq] (y) Inventory: Coins $ - 19 gold pieces Weapons v - a +0 elven bow i - 7 +0 darts p - 7 +0 darts b - a +0 dagger a - a +1 spear (weapon in hand) C - a +0 long sword Armor d - an uncursed +0 orcish helm (being worn) N - an uncursed +0 pair of speed boots (being worn) c - an uncursed +3 small shield (being worn) A - an uncursed +1 dwarvish cloak (being worn) Z - a blessed +0 orcish chain mail (being worn) Wands S - a wand of create monster (0:15) m - a wand of digging (0:5) U - a wand of magic missile (0:5) P - a cursed wand of magic missile (0:7) R - a wand of speed monster (0:7) Tools x - an uncursed bag of holding containing 23 items s - an uncursed brass lantern l - an uncursed skeleton key B - an uncursed skeleton key h - an uncursed stethoscope u - an uncursed tin whistle E - an uncursed tin whistle n - an uncursed towel Gems/Stones L - an uncursed amber stone Contents of the bag of holding: 331 gold pieces the +0 Giantslayer an uncursed +0 pair of iron shoes 3 uncursed scrolls of teleportation an uncursed scroll of teleportation a cursed scroll of teleportation an uncursed scroll of destroy armor an uncursed scroll of confuse monster an uncursed scroll of identify a blessed scroll of enchant armor an uncursed spellbook of sleep an uncursed potion of sickness 3 uncursed potions of water 2 uncursed potions of hallucination an uncursed potion of gain level a cursed potion of gain ability a blessed potion of paralysis an uncursed potion of enlightenment a cursed potion of extra healing an uncursed potion of speed a blessed potion of object detection a cursed -1 ring of increase damage an uncursed wooden flute Adinthrae the Valkyrie's attributes: Background: You were a Fighter, a level 7 human Valkyrie. You were lawful, on a mission for Tyr who was opposed by Odin (neutral) and Loki (chaotic). You were in the Dungeons of Doom, on level 9. You entered the dungeon 5872 turns ago. You had 936 experience points, 344 more were needed to attain level 8. Your score was 4514 before end-of-game adjustments. Basics: You had 0 out of 65 hit points. You had all 9 energy points (spell power). Your armor class was -1. Your wallet contained 19 zorkmids. Autopickup was off. Final Characteristics: Your strength was 14 (base:15, peak:18/01, limit:18/100). Your dexterity was 13 (limit:18). Your constitution was 18 (limit:18). Your intelligence was 9 (limit:18). Your wisdom was 9 (limit:18). Your charisma was 9 (limit:18). Final Status: You were weak from severe hunger. You were unencumbered. You were wielding a spear. You were skilled in spear. Final Attributes: You were piously aligned. You were cold resistant. You were stealthy. You were warded. You were very fast. You are dead. Miscellaneous: You never encountered a bones level. Total elapsed playing time was 48 minutes and 33 seconds. Major events: Turn 1: adinthrae the lawful human Valkyrie entered the dungeon 629: found Giantslayer on the floor 1502: entered the Gnomish Mines 1517: attained the rank of Skirmisher (level 3) 4314: attained the rank of Fighter (level 6) 5171: killed the Oracle 5872: killed by a soldier ant Vanquished creatures: the Oracle a small mimic 4 Grey-elves a giant beetle a quivering blob 3 winter wolf cubs a black light 2 housecats 2 soldier ants 2 wood nymphs 9 Mordor orcs an orc shaman 2 rock piercers a pony a fog cloud a yellow light a shrieker a violet fungus a gnome leader a gnomish wizard a kobold mummy a ghoul a giant ant a little dog a floating eye a kitten 2 dwarves 2 rothes an orc zombie 3 coyotes a hobbit 10 manes 2 hobgoblins 2 giant rats a cave spider a yellow mold 10 gnomes a gnome zombie 2 geckos 3 jackals 2 kobolds a goblin 5 sewer rats 8 grid bugs 2 lichens 10 newts 112 creatures vanquished. No species were genocided or became extinct. Voluntary challenges: You read items or engraved 4 times. You engraved Elbereth 1 time. You never genocided any monsters. You never polymorphed an object. You never changed form. You used no wishes. Achievements: You entered the Gnomish Mines. You attained the rank of Skirmisher. You entered a shop. You attained the rank of Fighter. The Dungeons of Doom: levels 1 to 9 Level 1: Level 2: A fountain. Level 3: Stairs down to The Gnomish Mines. Level 4: A fountain. Level 5: A scroll shop. Level 6: A general store, an altar, some fountains. Level 7: An armor shop, some fountains, a grave. Level 8: Many fountains. Level 9: <- You were here. Final resting place for you, killed by a soldier ant. The Gnomish Mines: Level 4: Game over: ---------- / \ / REST \ / IN \ / PEACE \ / \ | adinthrae | | 350 Au | | killed by a | | soldier ant | | | | | | 2022 | *| * * * | * _________)/\\_//(\/(/\)/\//\/|_)_______ Farvel adinthrae the Valkyrie... You died in The Dungeons of Doom on dungeon level 9 with 4479 points, and 350 pieces of gold, after 5872 moves. You were level 7 with a maximum of 65 hit points when you died.